 Dungeon Crawl Stone Soup version 0.31-a0-692-gf03d1854d5 (webtiles) character file.

Game seed: 149984995276076622

19 qw the Shooter (level 2, 0/17 HPs)
             Began as a Gargoyle Hunter on Sept 6, 2023.
             Slain by Robin
             ... wielding a +0 club
              (3 damage)
             ... on level 2 of the Dungeon.
             The game lasted 00:00:13 (453 turns).

qw the Shooter (Gargoyle Hunter)                     Turns: 453, Time: 00:00:14

Health: 0/17       AC:  5    Str: 14    XL:     2   Next: 75%
Magic:  2/2        EV: 11    Int:  9    God:
Gold:   46         SH:  0    Dex: 13    Spells: 1/1 levels left

rFire   . . .        a - +0 shortbow
rCold   . . .        (shield currently unavailable)
rNeg    + . .        c - +0 leather armour
rPois   inf          (no helmet)
rElec   +            (no cloak)
rCorr   .            (no gloves)
SInv    .            (no boots)
Will    .....        (no amulet)
Stlth   +            (no ring)
HPRegen 0.22/turn    (no ring)
MPRegen 0.08/turn

%: no passive effects
@: no status effects
A: sickness immunity, AC +2, negative energy resistance 1, electricity
resistance, torment resistance 1, petrification resistance
a: no special abilities


You were on level 2 of the Dungeon.
You visited 1 branch of the dungeon, and saw 2 of its levels.

You collected 46 gold pieces.


Innate Abilities, Weirdness & Mutations

You are immune to sickness and miasma.
Your stone body is resilient. (AC +2)
You are immune to poison.
You resist negative energy. (rN+)
You are resistant to electric shocks. (rElec)
You are resistant to unholy torment.
You are immune to petrification.


   Skills:
 - Level 2.1 Fighting
 + Level 4.7 Ranged Weapons
 - Level 1.5 Dodging
 - Level 1.1 Stealth


You had one spell level left.
You didn't know any spells.
Your spell library was empty.

Inventory:

Hand Weapons
 a - a +0 shortbow (weapon)
Armour
 c - a +0 leather armour (worn)
Potions
 d - a potion of enlightenment {unknown}
 e - a potion of cancellation {unknown}
 f - a potion of degeneration {unknown}
 g - a potion of might

Dungeon Overview and Level Annotations

Branches:
Dungeon (2/15)

Altars:

Shops:
D:1 :

Annotations:
D:2 Robin


Message History

You kill the goblin!
You shoot an arrow. The arrow closely misses Robin.
Robin throws the goblin at you!
You shoot an arrow. The arrow hits the goblin.
The goblin is severely wounded.
The goblin completely misses you.
You shoot an arrow. The arrow closely misses the goblin.
The goblin closely misses you. Robin hits you with a +0 club. Robin misses you.
The goblin barely misses you.
You shoot an arrow. The arrow closely misses the goblin.
Robin hits you but does no damage. The goblin hits you but does no damage.
You shoot an arrow. The arrow closely misses the goblin.
You hear a shout!
The goblin no longer looks unusually strong.
The goblin hits you with a +1 dagger of holy wrath.
A hobgoblin comes into view.
Robin completely misses you.
You hear an angry hiss.
You shoot an arrow. The arrow barely misses the goblin.
Robin roars a battlecry!
The goblins go into a battle-frenzy!
The goblin closely misses you.
You shoot an arrow. The arrow completely misses the goblin.
The goblin closely misses you. Robin hits you but does no damage.
Robin barely misses you.
The goblin hits you with a +1 dagger of holy wrath.
You shoot an arrow. The arrow hits the goblin!
You kill the goblin!
Robin barely misses you.
You shoot an arrow. The arrow hits Robin.
Robin is lightly wounded.
Robin hits you with a +0 club.
You shoot an arrow. The arrow barely misses Robin.
The arrow closely misses the hobgoblin.
Robin closely misses you.
You shoot an arrow. The arrow hits Robin!
Robin is heavily wounded.
Robin hits you with a +0 club.
You die...
Robin calls out, "Let's celebrate!
Time for a feast!"

###########
#gg@).....#
#)#######.#
#)#....<#.#
#g#.###.#.#
#.#.# #.#.#
#g#.#####.#
g.#.......#
..#########


You could see Robin and a hobgoblin (strong).

Vanquished Creatures
  A giant cockroach (D:1)
  9 goblins
  A hobgoblin (D:1)
  A ball python (D:1)
  3 bats (D:1)
  2 kobolds (D:1)
  2 rats
19 creatures vanquished.

Notes
Turn   | Place    | Note
-------+----------+-------------------------------------------
     0 | D:1      | qw the Gargoyle Hunter began the quest for the Orb.
     0 | D:1      | Reached XP level 1. HP: 12/12 MP: 1/1
     0 | D:1      | 0 ||| qw: Version: 0.3-a-76-g4403597
     0 | D:1      | 0 ||| qw: Game counter: 202
     0 | D:1      | 0 ||| qw: Melee chars always use a shield: true
     0 | D:1      | 0 ||| qw: God list: Okawaru
     0 | D:1      | 0 ||| qw: Allow faded altars: false
     0 | D:1      | 0 ||| qw: Do Orc after clearing Dungeon:15 true
     0 | D:1      | 0 ||| qw: Do second Lair branch before Depths: true
     0 | D:1      | 0 ||| qw: Lair rune preference: random
     0 | D:1      | 0 ||| qw: Goals: Normal
     0 | D:1      | 0 ||| PLANNING D:1-11
    96 | D:1      | Found Geetukk's Vocational Training.
   204 | D:1      | Reached XP level 2. HP: 17/17 MP: 2/2
   369 | D:1      | 369 ||| DRINKING 2 blue potions.
   370 | D:1      | 370 ||| DROPPING scroll of butterflies.
   434 | D:2      | Noticed Robin
   435 | D:2      | 435 ||| Stepping ~*~*~tactically~*~*~ (outnumbered).
   437 | D:2      | 437 ||| Stepping ~*~*~tactically~*~*~ (outnumbered).
   439 | D:2      | 439 ||| Stepping ~*~*~tactically~*~*~ (outnumbered).
   451 | D:2      | HP: 3/17 [Robin/+0 club (4)]
   453 | D:2      | Slain by Robin

Levels and vault maps discovered:
D:1:      lightli_arrival_quake, layout_rooms, nicolae_shop_vocational
D:2:      layout_basic, serial_shops, nicolae_shop_peninsula, uniq_robin,
          uniq_terence

Action                     || total
---------------------------++-------
   Fire: Shortbow          ||    59
    Use: Potion            ||     1
 Armour: Leather armour    ||    15
  Dodge: Dodged            ||    17

Table legend:
 A = Non-vault XP
 B = Vault XP
 C = Vault XP percentage of total XP
 D = Non-vault monster count
 E = Vault monster count
 F = Vault count percentage of total count
                 A         B        C        D         E       F
            +---------+---------+-------+---------+---------+-------
      Total |      17 |      11 |  39.3 |      12 |       7 |  36.8
            +---------+---------+-------+---------+---------+-------
        D:1 |      16 |       0 |   0.0 |      11 |       0 |   0.0
        D:2 |       1 |      11 |  91.7 |       1 |       7 |  87.5
            +---------+---------+-------+---------+---------+-------
